AoeStats
← The Crusader

Arabia

510343301Analyzed
1v1 RM · 1d ago on Sep 30, 2026· 50m 17s· 2 players
Game mode
Random Map
Map size
Tiny (2 player)
Population
200
Speed
Normal
Resources
Standard
Victory
Conquest
Starting age
Dark Age
Ending age
Imperial Age
RankedLock teamsTeams togetherTeam positionsShared explorationLock speedFull tech treeHidden civsTurbo modeCheats
Victory
Defeat
🇺🇸 Magyars · United States
1751
+18
🇲🇽 Hindustanis · Mexico
1790
-18
The Crusader
6:42 Loom
9:12 Feudal Age
10:40 Double-Bit Axe
11:35 Horse Collar
14:46 Wheelbarrow
15:28 Town Watch
21:19 Castle Age
21:17 Bloodlines
21:45 Fletching
22:23 Bow Saw
22:22 Bodkin Arrow
24:06 Padded Archer Armor
24:31 Husbandry
25:35 Heavy Plow
26:57 Ballistics
26:06 Light Cavalry
34:04 Imperial Age
34:06 Thumb Ring
34:46 Bracer
36:03 Chemistry
37:40 Leather Archer Armor
39:00 Ring Archer Armor
39:49 Two-Man Saw
39:13 Hand Cart
39:38 Parthian Tactics
41:08 Gold Mining
42:19 Two-Man Saw
41:33 Scale Barding Armor
41:45 Heavy Cavalry Archer
44:07 Elite Magyar Huszar
45:21 Corvinian Army
45:42 Chain Barding Armor
46:37 Conscription
47:01 Plate Barding Armor
47:56 Recurve Bow
48:52 Masonry
Droga0
5:15 Loom
8:49 Feudal Age
10:04 Double-Bit Axe
17:19 Forging
21:32 Castle Age
19:24 Horse Collar
20:03 Fletching
22:08 Bodkin Arrow
22:29 Bow Saw
22:26 Gold Mining
23:55 Husbandry
24:17 Padded Archer Armor
25:37 Bloodlines
26:27 Wheelbarrow
28:41 Ballistics
38:18 Imperial Age
37:14 Leather Archer Armor
36:24 Elite Skirmisher
39:12 Hand Cart
39:04 Bracer
40:10 Chemistry
42:13 Ring Archer Armor
43:46 Gold Shaft Mining
43:50 Scale Barding Armor
44:53 Chain Barding Armor
43:55 Heavy Camel Rider
45:49 Iron Casting
45:35 Heavy Cavalry Archer
46:20 Thumb Ring
45:35 Heavy Cavalry Archer
49:01 Light Cavalry
50:20 Plate Barding Armor
Connection lost

Rejoining the realm…

Still unreachable

The connection could not be restored.

Session expired

The server has moved on; the page needs a fresh start.